[Event "Commonwealth Open 2019"]
[Site "Delhi"]
[Date "2019.06.30"]
[Round "1.3"]
[White "Arya Bhakta"]
[Black "Aravindh, GM Chithambaram Vr."]
[Result "0-1"]
[ECO "A45"]
[WhiteElo "2050"]
[BlackElo "2598"]
[Annotator "ChessBase"]
[PlyCount "154"]
[EventDate "2019.06.30"]
[EventType "swiss"]
[EventCountry "IND"]
[SourceTitle "playchess.com"]
[Source "ChessBase"]
[SourceQuality "1"]
[TimeControl "5400+30"]

1. d4 Nf6 2. Bf4 g6 3. Nc3 d5 4. e3 Bg7 5. h4 c6 6. Be2 h5 7. Nf3 Bf5 8. O-O O-O 9. Ne5 Nfd7 10. Bd3 e6 11. Bxf5 exf5 12. Nf3 Nf6 13. a4 Nbd7 14. Ne2 Ne4 15. Ng5 Qe7 16. Qd3 Rfe8 17. a5 Nf8 18. Qa3 Qd8 19. Qb4 Re7 20. c4 dxc4 21. Nxe4 fxe4 22. Qxc4 Rd7 23. a6 Rc8 24. Bg3 b6 25. Nc3 Qe8 26. Rfd1 Bf6 27. Be5 Bxe5 28. dxe5 Qxe5 29. Qxe4 Qf6 30. Rxd7 Nxd7 31. Rd1 Nf8 32. Qd4 Qxd4 33. exd4 Ne6 34. d5 cxd5 35. Nxd5 Kf8 36. Nc3 Rc5 37. Rd7 Rc7 38. Rd1 Rc4 39. g3 Nc7 40. Rd8+ Ke7 41. Rc8 Rc5 42. Na4 Kd7 43. Rf8 Rf5 44. Rb8 Kc6 45. Nc3 Nxa6 46. Ra8 Kb7 47. Re8 Nc7 48. Re7 Kc8 49. Re1 Ne6 50. Rd1 Kc7 51. Nd5+ Kb7 52. Ne3 Rc5 53. b4 Rc3 54. Rd7+ Rc7 55. Rd2 a5 56. bxa5 bxa5 57. Rb2+ Ka6 58. Nd5 Rb7 59. Rc2 Rd7 60. Ne3 a4 61. Rc8 Rd8 62. Rc1 Kb5 63. Rb1+ Kc5 64. Rb7 f5 65. Ra7 Kb5 66. Rb7+ Kc6 67. Ra7 Nc5 68. Nc4 Kb5 69. Ne5 Rd6 70. Ra8 Ra6 71. Rb8+ Rb6 72. Ra8 Kb4 73. f3 Re6 74. Rb8+ Kc3 75. f4 Na6 76. Rc8+ Kb3 77. Nf3 Rd6 0-1

[Event "Commonwealth Open 2019"]
[Site "Delhi"]
[Date "2019.06.30"]
[Round "1.4"]
[White "Lalith, GM Babu M R"]
[Black "Bhatt, Jalpan"]
[Result "1-0"]
[ECO "A22"]
[WhiteElo "2571"]
[BlackElo "2001"]
[Annotator "ChessBase"]
[PlyCount "78"]
[EventDate "2019.06.30"]
[EventType "swiss"]
[EventCountry "IND"]
[SourceTitle "playchess.com"]
[Source "ChessBase"]
[SourceQuality "1"]
[TimeControl "5400+30"]

1. c4 Nf6 2. Nc3 e5 3. g3 Bb4 4. Bg2 Bxc3 5. bxc3 O-O 6. d3 Re8 7. e4 c6 8. g4 d6 9. h3 Na6 10. Ne2 Nc7 11. g5 Nh5 12. Bf3 Nf4 13. Nxf4 exf4 14. Bxf4 Ne6 15. Be3 Nxg5 16. Rg1 Nxf3+ 17. Qxf3 Re6 18. Bg5 f6 19. Be3 d5 20. exd5 cxd5 21. cxd5 Re5 22. Qg3 g6 23. c4 Bf5 24. Rd1 Qa5+ 25. Kf1 Qxa2 26. Kg2 Rae8 27. Rd2 Qa5 28. Bf4 Re1 29. Rxe1 Rxe1 30. Be3 Qd8 31. Bxa7 Qd7 32. f3 Qe8 33. Bf2 Re2 34. Rxe2 Qxe2 35. Qb8+ Kg7 36. Qxb7+ Kh6 37. Qb6 Bxd3 38. Qxf6 Bxc4 39. d6 Bd3 1-0

[Event "Commonwealth Open 2019"]
[Site "Delhi"]
[Date "2019.06.30"]
[Round "1.5"]
[White "Anilkumar, O.T."]
[Black "Deepan Chakkravarthy J."]
[Result "0-1"]
[ECO "C50"]
[WhiteElo "1989"]
[BlackElo "2557"]
[Annotator "ChessBase"]
[PlyCount "72"]
[EventDate "2019.06.30"]
[EventType "swiss"]
[EventCountry "IND"]
[SourceTitle "playchess.com"]
[Source "ChessBase"]
[SourceQuality "1"]
[TimeControl "5400+30"]

1. e4 e5 2. Nf3 Nc6 3. Bc4 Nf6 4. d3 Bc5 5. Be3 Bb6 6. Nc3 O-O 7. O-O d6 8. h3 Kh8 9. Bb3 h6 10. Nh2 Nd4 11. Ne2 Nxb3 12. axb3 d5 13. Bxb6 cxb6 14. Ng3 a5 15. c4 dxe4 16. dxe4 Be6 17. Qe2 Nd7 18. Rfd1 Qe7 19. Ng4 Nc5 20. Qe3 Qg5 21. Rd6 Qxe3 22. Nxe3 b5 23. cxb5 Nxb3 24. Rad1 Rfc8 25. Ne2 a4 26. f4 Bc4 27. Nxc4 Rxc4 28. fxe5 Rc2 29. e6 fxe6 30. Nf4 Rxb2 31. Nd3 Re2 32. Rxe6 a3 33. Nb4 a2 34. Nxa2 Raxa2 35. Rg6 Kh7 36. Rg4 Nd2 0-1

[Event "Commonwealth Open 2019"]
[Site "Delhi"]
[Date "2019.06.30"]
[Round "1.6"]
[White "Debashis, Das"]
[Black "Parthasarathy R"]
[Result "1-0"]
[ECO "E61"]
[WhiteElo "2544"]
[BlackElo "1345"]
[Annotator "ChessBase"]
[PlyCount "55"]
[EventDate "2019.06.30"]
[EventType "swiss"]
[EventCountry "IND"]
[SourceTitle "playchess.com"]
[Source "ChessBase"]
[SourceQuality "1"]
[TimeControl "5400+30"]

1. d4 Nf6 2. c4 g6 3. Nc3 Bg7 4. Nf3 O-O 5. e4 c6 6. Qb3 d6 7. Be2 e5 8. d5 Na6 9. O-O Bd7 10. Be3 Ng4 11. Bg5 f6 12. Bh4 g5 13. Bg3 Nc5 14. Qd1 h5 15. Nd2 f5 16. exf5 Bxf5 17. h3 Nf6 18. Bxh5 Nxh5 19. Qxh5 Rf6 20. Qxg5 Qd7 21. Qe3 Bh6 22. Nde4 Nxe4 23. Nxe4 Rg6 24. Qe2 cxd5 25. cxd5 Rc8 26. Rae1 Qa4 27. Nxd6 Rxd6 28. Qxe5 1-0

[Event "Commonwealth Open 2019"]
[Site "Delhi"]
[Date "2019.06.30"]
[Round "1.7"]
[White "Karthik Sai Ch"]
[Black "Erigaisi Arjun"]
[Result "0-1"]
[ECO "D02"]
[WhiteElo "1963"]
[BlackElo "2526"]
[Annotator "ChessBase"]
[PlyCount "74"]
[EventDate "2019.06.30"]
[EventType "swiss"]
[EventCountry "IND"]
[SourceTitle "playchess.com"]
[Source "ChessBase"]
[SourceQuality "1"]
[TimeControl "5400+30"]

1. d4 Nf6 2. Nf3 d5 3. Bf4 c5 4. e3 Nc6 5. Nbd2 cxd4 6. exd4 Bg4 7. c3 e6 8. Bd3 Bd6 9. Bxd6 Qxd6 10. O-O O-O-O 11. Qa4 Nd7 12. Rfe1 f6 13. b4 Kb8 14. b5 Nb6 15. Qb3 Na5 16. Qb4 Qxb4 17. cxb4 Nac4 18. h3 Bxf3 19. Nxf3 Rde8 20. a4 Nd6 21. Re2 Kc7 22. Bc2 Nbc4 23. Rae1 Kd7 24. Bb3 Re7 25. Bxc4 Nxc4 26. Rc1 Rc8 27. Rec2 Kd6 28. Nd2 Rec7 29. Nb3 b6 30. f4 Nb2 31. Nc5 Nd3 32. Rb1 Nxf4 33. a5 e5 34. dxe5+ fxe5 35. Nb7+ Kd7 36. Rc4 Rc6 37. Rxc6 Rc7 0-1

[Event "Commonwealth Open 2019"]
[Site "Delhi"]
[Date "2019.06.30"]
[Round "1.8"]
[White "Iniyan, P."]
[Black "Toshali, V."]
[Result "1-0"]
[ECO "D16"]
[WhiteElo "2525"]
[BlackElo "1963"]
[Annotator "ChessBase"]
[PlyCount "41"]
[EventDate "2019.06.30"]
[EventType "swiss"]
[EventCountry "IND"]
[SourceTitle "playchess.com"]
[Source "ChessBase"]
[SourceQuality "1"]
[TimeControl "5400+30"]

1. d4 d5 2. c4 c6 3. Nf3 Nf6 4. Nc3 dxc4 5. a4 e6 6. e3 c5 7. Bxc4 cxd4 8. exd4 Nc6 9. O-O Be7 10. Qe2 O-O 11. Rd1 Nb4 12. Ne5 Nfd5 13. Ne4 b6 14. Ra3 f5 15. Rh3 fxe4 16. Qxe4 Rf5 17. g4 Nf6 18. Qxf5 Nbd5 19. Qd3 Nb4 20. Qf3 Rb8 21. g5 1-0

[Event "Commonwealth Open 2019"]
[Site "Delhi"]
[Date "2019.06.30"]
[Round "1.9"]
[White "Bidhar, Rutumbara"]
[Black "Swayams, Mishra"]
[Result "0-1"]
[ECO "E20"]
[WhiteElo "1961"]
[BlackElo "2493"]
[Annotator "ChessBase"]
[PlyCount "40"]
[EventDate "2019.06.30"]
[EventType "swiss"]
[EventCountry "IND"]
[SourceTitle "playchess.com"]
[Source "ChessBase"]
[SourceQuality "1"]
[TimeControl "5400+30"]

1. d4 Nf6 2. c4 e6 3. Nc3 Bb4 4. Bd2 O-O 5. Qc2 d5 6. e3 b6 7. cxd5 exd5 8. a3 Be7 9. Bd3 c5 10. Nge2 Nc6 11. O-O Bb7 12. b3 Re8 13. dxc5 Bxc5 14. Bb5 Rc8 15. Rfd1 Bd6 16. Bxc6 Bxc6 17. Nd4 Bd7 18. h3 Ne4 19. Be1 Qf6 20. Qd3 Rxc3 0-1

[Event "Commonwealth Open 2019"]
[Site "Delhi"]
[Date "2019.06.30"]
[Round "1.10"]
[White "Swapnil, S. Dhopade"]
[Black "Meenal Gupta"]
[Result "1-0"]
[ECO "E11"]
[WhiteElo "2488"]
[BlackElo "1958"]
[Annotator "ChessBase"]
[PlyCount "48"]
[EventDate "2019.06.30"]
[EventType "swiss"]
[EventCountry "IND"]
[SourceTitle "playchess.com"]
[Source "ChessBase"]
[SourceQuality "1"]
[TimeControl "5400+30"]

1. d4 Nf6 2. c4 e6 3. Nf3 Bb4+ 4. Bd2 Bxd2+ 5. Qxd2 b6 6. g3 Bb7 7. Bg2 O-O 8. Nc3 Ne4 9. Qc2 f5 10. Ne5 d5 11. cxd5 exd5 12. O-O Rf6 13. Rac1 c6 14. e3 Na6 15. f3 Nxc3 16. Qxc3 c5 17. dxc5 bxc5 18. Rfd1 Qe7 19. Rd2 Rd8 20. f4 Kh8 21. b3 Rfd6 22. Rcd1 Qe6 23. Qa5 Kg8 24. Bxd5 Bc8 1-0

[Event "Commonwealth Open 2019"]
[Site "Delhi"]
[Date "2019.06.30"]
[Round "1.11"]
[White "Sanskriti Goyal"]
[Black "Krishna C R G"]
[Result "0-1"]
[ECO "A53"]
[WhiteElo "1951"]
[BlackElo "2481"]
[Annotator "ChessBase"]
[PlyCount "72"]
[EventDate "2019.06.30"]
[EventType "swiss"]
[EventCountry "IND"]
[SourceTitle "playchess.com"]
[Source "ChessBase"]
[SourceQuality "1"]
[TimeControl "5400+30"]

1. d4 d6 2. c4 Nf6 3. Nc3 Nbd7 4. e4 e5 5. d5 Nc5 6. f3 a5 7. Be3 g6 8. Nge2 Bg7 9. Qd2 O-O 10. g4 Bxg4 11. fxg4 Nfxe4 12. Nxe4 Nxe4 13. Qc2 Qh4+ 14. Ng3 f5 15. O-O-O Nxg3 16. Qf2 f4 17. Bd2 Nf5 18. Qxh4 Nxh4 19. Be1 Bf6 20. Bd3 Bg5 21. Bxh4 Bxh4 22. Be4 f3 23. Kc2 Rf4 24. Kd3 Rxg4 25. Bxf3 Rd4+ 26. Ke2 Rxc4 27. Rc1 Rf4 28. h3 Raf8 29. Bg4 Re4+ 30. Kd3 Rd4+ 31. Ke2 Rf2+ 32. Ke3 Rdd2 33. Be6+ Kg7 34. Rxc7+ Kh6 35. Rxb7 Bg5+ 36. Ke4 Rd4# 0-1

[Event "Commonwealth Open 2019"]
[Site "Delhi"]
[Date "2019.06.30"]
[Round "1.12"]
[White "Kunte, Abhijit"]
[Black "Sa, Kannan"]
[Result "1-0"]
[ECO "D02"]
[WhiteElo "2478"]
[BlackElo "1947"]
[Annotator "ChessBase"]
[PlyCount "69"]
[EventDate "2019.06.30"]
[EventType "swiss"]
[EventCountry "IND"]
[SourceTitle "playchess.com"]
[Source "ChessBase"]
[SourceQuality "1"]
[TimeControl "5400+30"]

1. Nf3 d5 2. d4 Nf6 3. c4 e6 4. g3 Ne4 5. Bg2 f5 6. O-O c6 7. Ne5 Nd7 8. Qc2 Bd6 9. Nd3 O-O 10. Bf4 g5 11. Bxd6 Nxd6 12. Nd2 Qf6 13. e3 h5 14. b4 a6 15. a4 h4 16. gxh4 gxh4 17. f4 Ne4 18. Kh1 Kf7 19. Ne5+ Ke7 20. Bxe4 dxe4 21. Rg1 Nxe5 22. dxe5 Qh6 23. Nb3 Rd8 24. Qg2 Kf7 25. Qg5 Qxg5 26. Rxg5 Bd7 27. Rag1 Rg8 28. Rxg8 Rxg8 29. Rxg8 Kxg8 30. c5 Kf7 31. Na5 Bc8 32. Kg2 Kg6 33. Nc4 Bd7 34. Nd6 Kh5 35. Kh3 1-0

[Event "Commonwealth Open 2019"]
[Site "Delhi"]
[Date "2019.06.30"]
[Round "1.13"]
[White "Sanjeet Manohar"]
[Black "Thejkumar, GM M. S."]
[Result "0-1"]
[ECO "B12"]
[WhiteElo "1905"]
[BlackElo "2458"]
[Annotator "ChessBase"]
[PlyCount "65"]
[EventDate "2019.06.30"]
[EventType "swiss"]
[EventCountry "IND"]
[SourceTitle "playchess.com"]
[Source "ChessBase"]
[SourceQuality "1"]
[TimeControl "5400+30"]

1. e4 c6 2. d4 d5 3. e5 Bf5 4. Nf3 e6 5. Be2 Ne7 6. O-O c5 7. c4 Nbc6 8. dxc5 d4 9. Bd3 Bxd3 10. Qxd3 Ng6 11. Re1 Bxc5 12. a3 a5 13. b3 O-O 14. Nbd2 Qc7 15. Qe4 Rad8 16. h4 d3 17. h5 Ngxe5 18. Bb2 Nxf3+ 19. Nxf3 Rfe8 20. Qh4 h6 21. Rad1 Qb6 22. Qg3 Bf8 23. Nh2 Qxb3 24. Bf6 Nd4 25. Rd2 Nf5 26. Qg4 Rc8 27. Ba1 Rxc4 28. Qf3 Rd8 29. Ng4 Rc2 30. Red1 Rxd2 31. Rxd2 Qxa3 32. Bb2 Qb4 33. Kf1 0-1

[Event "Commonwealth Open 2019"]
[Site "Delhi"]
[Date "2019.06.30"]
[Round "1.14"]
[White "Karthikeyan, P.."]
[Black "Ashwin, Hariharan"]
[Result "1-0"]
[ECO "A09"]
[WhiteElo "2445"]
[BlackElo "1882"]
[Annotator "ChessBase"]
[PlyCount "93"]
[EventDate "2019.06.30"]
[EventType "swiss"]
[EventCountry "IND"]
[SourceTitle "playchess.com"]
[Source "ChessBase"]
[SourceQuality "1"]
[TimeControl "5400+30"]

1. Nf3 d5 2. c4 dxc4 3. Qa4+ Nd7 4. g3 a6 5. Qxc4 b5 6. Qc6 Rb8 7. Bg2 Bb7 8. Qc2 e6 9. O-O c5 10. a4 Ngf6 11. d3 Bd6 12. Nc3 Qb6 13. e4 O-O 14. h3 Bc6 15. axb5 axb5 16. Bg5 Qb7 17. Qe2 h6 18. Be3 Ra8 19. Rac1 Rfd8 20. Nd2 Be7 21. f4 Nb6 22. Rfd1 Qa6 23. Nb3 b4 24. Bxc5 Bxc5+ 25. Nxc5 Qa7 26. Nb1 Na4 27. d4 Nxc5 28. dxc5 Rxd1+ 29. Qxd1 Bxe4 30. Qd4 Bxg2 31. Kxg2 Nd5 32. Nd2 Qa6 33. Nc4 Rc8 34. Kf2 Qc6 35. Ne5 Qb5 36. f5 Qb7 37. c6 Qb6 38. Qxb6 Nxb6 39. fxe6 fxe6 40. Ra1 Rc7 41. Ke3 Kf8 42. Kd4 Ke7 43. Kc5 Nd5 44. Ra8 Nf6 45. Ng6+ Kf7 46. Kd6 Nd5 47. Nf4 1-0

[Event "Commonwealth Open 2019"]
[Site "Delhi"]
[Date "2019.06.30"]
[Round "1.15"]
[White "Sumit, Grover"]
[Black "Laxman, R.R."]
[Result "0-1"]
[ECO "E15"]
[WhiteElo "1875"]
[BlackElo "2437"]
[Annotator "NA"]
[PlyCount "110"]
[EventDate "2019.06.30"]
[EventType "swiss"]
[EventCountry "IND"]
[SourceTitle "playchess.com"]
[Source "ChessBase"]
[SourceQuality "1"]
[TimeControl "5400+30"]

1. Nf3 Nf6 2. c4 e6 3. d4 b6 4. g3 Ba6 5. b3 Bb7 6. Bg2 Bb4+ 7. Bd2 c5 8. O-O O-O 9. Bxb4 cxb4 10. Qd3 a5 11. Nbd2 d6 12. e4 e5 13. Ne1 Nbd7 14. Nc2 Qc7 15. a3 bxa3 16. Rxa3 Rfe8 17. Rfa1 exd4 18. Nxd4 Nc5 19. Nb5 Qe7 20. Qxd6 Rad8 21. Qxe7 Rxe7 22. Nf1 Bxe4 23. Re1 Kf8 24. Bxe4 Nfxe4 25. Kg2 Red7 26. Re3 Rd3 27. Nc7 Rxe3 28. fxe3 Rd3 29. Nd5 a4 30. Rxa4 Nxa4 31. bxa4 Rb3 32. Kf3 f5 33. g4 Nd6 34. gxf5 Nxf5 35. Ke4 Nd6+ 36. Kd4 Rb2 37. e4 Nc8 38. e5 Ra2 39. h4 Rxa4 40. Nfe3 Ra2 41. e6 Rh2 42. Nf5 Re2 43. Nfe3 g6 44. Ke5 Kg7 45. Kf4 Rf2+ 46. Ke5 Rh2 47. Ng4 Rxh4 48. Ngf6 Rh1 49. e7 Re1+ 50. Ne4 Kf7 51. Ndf6 Kxe7 52. Nxh7 Nd6 53. Nhf6 Nxe4 54. Nxe4 Rxe4+ 55. Kxe4 Kd6 0-1

[Event "Commonwealth Open 2019"]
[Site "Delhi"]
[Date "2019.06.30"]
[Round "1.16"]
[White "Shyaamnikhil P"]
[Black "Muhammed, Shuaau"]
[Result "1-0"]
[ECO "C11"]
[WhiteElo "2434"]
[BlackElo "1868"]
[Annotator "NA"]
[PlyCount "67"]
[EventDate "2019.06.30"]
[EventType "swiss"]
[EventCountry "IND"]
[SourceTitle "playchess.com"]
[Source "ChessBase"]
[SourceQuality "1"]
[TimeControl "5400+30"]

1. Nf3 e6 2. e4 d5 3. Nc3 d4 4. Nb5 c5 5. a4 Nc6 6. d3 e5 7. Be2 a6 8. Na3 Bd6 9. O-O b5 10. c3 Rb8 11. axb5 axb5 12. c4 bxc4 13. Nxc4 Nge7 14. Nfd2 O-O 15. f4 Be6 16. Nxd6 Qxd6 17. f5 Bd7 18. Nc4 Qc7 19. f6 Ng6 20. fxg7 Kxg7 21. Bg4 Be6 22. Bf5 Bxc4 23. dxc4 Nce7 24. Qh5 Kh8 25. Bh6 Rg8 26. Bh3 Nf4 27. Rxf4 exf4 28. Qxf7 Qe5 29. Bxf4 Qg7 30. Qxg7+ Kxg7 31. Ra7 Kf6 32. Ra6+ Kf7 33. Be6+ Kg7 34. Be5+ 1-0

[Event "Commonwealth Open 2019"]
[Site "Delhi"]
[Date "2019.06.30"]
[Round "1.17"]
[White "Chudasama Ankit"]
[Black "Divya Deshmukh"]
[Result "1/2-1/2"]
[ECO "B23"]
[WhiteElo "1852"]
[BlackElo "2414"]
[Annotator "ChessBase"]
[PlyCount "155"]
[EventDate "2019.06.30"]
[EventType "swiss"]
[EventCountry "IND"]
[SourceTitle "playchess.com"]
[Source "ChessBase"]
[SourceQuality "1"]
[TimeControl "5400+30"]

1. e4 c5 2. Nc3 Nc6 3. Nge2 Nd4 4. Nxd4 cxd4 5. Ne2 e5 6. Ng3 g6 7. Bc4 Bg7 8. d3 Ne7 9. Bg5 h6 10. Bd2 O-O 11. h4 d5 12. Bb3 Be6 13. Qe2 Kh7 14. h5 g5 15. Bb4 Re8 16. Bxe7 Rxe7 17. exd5 Bxd5 18. Nf5 Re6 19. O-O Rc8 20. Rac1 Bf6 21. c4 dxc3 22. Rxc3 Rxc3 23. bxc3 Rb6 24. Bxd5 Qxd5 25. Ne3 Qc6 26. c4 Qc5 27. Nd5 Re6 28. Re1 Bd8 29. Qe4+ Kg8 30. Re3 Qf8 31. Qf5 Qe8 32. Rf3 e4 33. Re3 exd3 34. Qxd3 Rxe3 35. Nxe3 Bb6 36. Ng4 Qe6 37. Qe4 Qd6 38. g3 Qxg3+ 39. Kf1 Qd6 40. Kg2 Bd4 41. Qxb7 Qe6 42. Qf3 a6 43. Qf5 Qb6 44. Qd5 Kg7 45. Ne5 Bxe5 46. Qxe5+ Qf6 47. Qd5 Qf4 48. c5 Qg4+ 49. Kf1 Qxh5 50. c6 Qh3+ 51. Ke2 Qg4+ 52. Kd3 Qd1+ 53. Kc4 Qa4+ 54. Kc3 Qa3+ 55. Kc2 Qe7 56. Qc4 Qc7 57. Qxa6 Qf4 58. Qb6 Qe4+ 59. Kc3 Qe1+ 60. Kc4 Qe2+ 61. Kb3 Qe6+ 62. Ka3 Qd6+ 63. Ka4 h5 64. Qb7 Qd5 65. Qb2+ f6 66. Qc2 h4 67. c7 Qa8+ 68. Kb3 Qc8 69. a4 h3 70. f3 Qe6+ 71. Kb4 Qb6+ 72. Ka3 Qd6+ 73. Kb2 Qe5+ 74. Ka3 h2 75. c8=Q Qe7+ 76. Q8c5 Qxc5+ 77. Qxc5 h1=Q 78. Qe7+ 1/2-1/2

[Event "Commonwealth Open 2019"]
[Site "Delhi"]
[Date "2019.06.30"]
[Round "1.18"]
[White "Thipsay, GM Praveen M"]
[Black "Rathore, Sonakshi"]
[Result "1-0"]
[ECO "B01"]
[WhiteElo "2405"]
[BlackElo "1847"]
[Annotator "ChessBase"]
[PlyCount "119"]
[EventDate "2019.06.30"]
[EventType "swiss"]
[EventCountry "IND"]
[SourceTitle "playchess.com"]
[Source "ChessBase"]
[SourceQuality "1"]
[TimeControl "5400+30"]

1. e4 d5 2. exd5 Qxd5 3. Nf3 Bg4 4. Be2 Nc6 5. Nc3 Qd7 6. O-O O-O-O 7. d3 e6 8. a3 Nf6 9. b4 Bxf3 10. Bxf3 Nd4 11. Be3 e5 12. Re1 Kb8 13. Rb1 Nxf3+ 14. Qxf3 Qg4 15. Qxg4 Nxg4 16. Bd2 Bd6 17. f3 Nf6 18. Nb5 Rhe8 19. Be3 b6 20. c4 c6 21. Nc3 Bc7 22. Rbd1 Rd7 23. Kf1 Red8 24. Ke2 Kb7 25. a4 Ne8 26. b5 c5 27. a5 Bb8 28. Na4 Bd6 29. Kd2 Nc7 30. Kc2 Ne6 31. axb6 axb6 32. Nc3 Nd4+ 33. Bxd4 exd4 34. Nd5 Ra8 35. Ra1 Rdd8 36. Rxa8 Rxa8 37. Kb3 Rd8 38. g3 Ra8 39. Kb2 Rd8 40. Re4 Ra8 41. Rh4 h6 42. Rg4 Bf8 43. Rf4 f6 44. Re4 Bd6 45. f4 Rd8 46. g4 Ka7 47. h4 Kb7 48. h5 Rd7 49. Re6 Ka7 50. Kc2 Kb7 51. Kd1 Ka7 52. Ke2 Kb7 53. Kf3 Ka7 54. Ke4 Kb7 55. Kf5 Ka7 56. Re8 Bb8 57. Re7 Rxe7 58. Nxe7 Kb7 59. Nd5 Ba7 60. Kg6 1-0

[Event "Commonwealth Open 2019"]
[Site "Delhi"]
[Date "2019.06.30"]
[Round "1.19"]
[White "Sudarshan Bhat"]
[Black "Tania, Sachdev"]
[Result "1/2-1/2"]
[ECO "C52"]
[WhiteElo "1835"]
[BlackElo "2401"]
[Annotator "ChessBase"]
[PlyCount "120"]
[EventDate "2019.06.30"]
[EventType "swiss"]
[EventCountry "IND"]
[SourceTitle "playchess.com"]
[Source "ChessBase"]
[SourceQuality "1"]
[TimeControl "5400+30"]

1. e4 e5 2. Nf3 Nc6 3. Bc4 Bc5 4. b4 Bxb4 5. c3 Ba5 6. d4 Qe7 7. Ba3 Qf6 8. O-O Bb6 9. Nxe5 Nxe5 10. dxe5 Qxe5 11. Qb3 Nh6 12. Nd2 Bc5 13. Nf3 Qe7 14. Bc1 O-O 15. e5 d6 16. Bg5 Qd7 17. Rad1 Qg4 18. Be7 Re8 19. exd6 cxd6 20. Bxd6 Bxd6 21. Rxd6 Qf4 22. Rd4 Qf6 23. Rfd1 Rb8 24. Rd6 Qe7 25. Bb5 Rf8 26. Qb4 Be6 27. Qf4 Rbc8 28. Bd7 Rxc3 29. Qe5 Qf6 30. Qxf6 gxf6 31. Bxe6 fxe6 32. Rxe6 Rc2 33. a4 Ra2 34. Re4 Rf7 35. h3 Rc7 36. Rd2 Rc1+ 37. Kh2 Rxd2 38. Nxd2 Rc2 39. Rd4 Kf7 40. g4 Ke6 41. f4 Nf7 42. Kg3 Nd6 43. f5+ Ke7 44. Kf4 Rc1 45. Ne4 Nc4 46. Nc5 b6 47. Re4+ Kf7 48. Nd3 Rf1+ 49. Kg3 Nd2 50. Rd4 Ra1 51. Nb4 Ra3+ 52. Kg2 Rxa4 53. Rxd2 Rxb4 54. Rd7+ Kg8 55. Rxa7 Rb3 56. Rb7 b5 57. Rb6 Kf7 58. Rb7+ Kg8 59. Rb6 Kf7 60. Rb7+ Kg8 1/2-1/2

[Event "Commonwealth Open 2019"]
[Site "Delhi"]
[Date "2019.06.30"]
[Round "1.20"]
[White "Nitin, S.."]
[Black "Dubey Sanchay"]
[Result "1-0"]
[ECO "B90"]
[WhiteElo "2398"]
[BlackElo "1823"]
[Annotator "ChessBase"]
[PlyCount "87"]
[EventDate "2019.06.30"]
[EventType "swiss"]
[EventCountry "IND"]
[SourceTitle "playchess.com"]
[Source "ChessBase"]
[SourceQuality "1"]
[TimeControl "5400+30"]

1. e4 c5 2. Nf3 d6 3. d4 cxd4 4. Nxd4 Nf6 5. Nc3 a6 6. Be3 e6 7. g4 e5 8. Nf5 g6 9. g5 gxf5 10. exf5 d5 11. Qf3 d4 12. O-O-O Nbd7 13. Bxd4 exd4 14. Bc4 Bc5 15. Qh3 Qc7 16. Rhe1+ Kd8 17. gxf6 dxc3 18. Qxc3 b5 19. Bd5 Rb8 20. Re7 b4 21. Qc4 Bxf2 22. Bc6 Rb6 23. Rdxd7+ Bxd7 24. Rxd7+ Qxd7 25. Bxd7 Kxd7 26. Qxf7+ Kc8 27. Qe7 Rd8 28. f7 Rf6 29. a3 Bh4 30. axb4 Bg5+ 31. Kb1 h6 32. Ka2 a5 33. b5 a4 34. b6 Rxb6 35. Qxd8+ Kxd8 36. f8=Q+ Kc7 37. Qf7+ Kb8 38. Qe8+ Kb7 39. Qd7+ Kb8 40. Qxa4 Bf6 41. c3 Kb7 42. Qd7+ Ka6 43. b4 h5 44. Kb3 1-0

[Event "Commonwealth Open 2019"]
[Site "Delhi"]
[Date "2019.06.30"]
[Round "1.21"]
[White "Saypuri Srithan"]
[Black "Kulkarni, Bhakti"]
[Result "1/2-1/2"]
[ECO "B14"]
[WhiteElo "1816"]
[BlackElo "2380"]
[Annotator "ChessBase"]
[PlyCount "55"]
[EventDate "2019.06.30"]
[EventType "swiss"]
[EventCountry "IND"]
[SourceTitle "playchess.com"]
[Source "ChessBase"]
[SourceQuality "1"]
[TimeControl "5400+30"]

1. e4 c6 2. d4 d5 3. exd5 cxd5 4. c4 Nf6 5. Nc3 e6 6. Nf3 Bb4 7. Bd3 O-O 8. O-O dxc4 9. Bxc4 Nc6 10. Bg5 h6 11. Bh4 b6 12. a3 Bxc3 13. bxc3 Bb7 14. Re1 Na5 15. Ba2 Rc8 16. Qd3 Qc7 17. Rac1 Bd5 18. Bxf6 Bxa2 19. Be5 Qe7 20. Nd2 Nc6 21. c4 b5 22. cxb5 Nxe5 23. dxe5 Rcd8 24. Qe3 Qd7 25. Ne4 Qxb5 26. Qxa7 Ra8 27. Qe7 Qa5 28. Nc3 1/2-1/2

[Event "Commonwealth Open 2019"]
[Site "Delhi"]
[Date "2019.06.30"]
[Round "1.22"]
[White "Saurabh Anand"]
[Black "Patil Harshal"]
[Result "0-1"]
[ECO "C60"]
[WhiteElo "2351"]
[BlackElo "1809"]
[Annotator "ChessBase"]
[PlyCount "34"]
[EventDate "2019.06.30"]
[EventType "swiss"]
[EventCountry "IND"]
[SourceTitle "playchess.com"]
[Source "ChessBase"]
[SourceQuality "1"]
[TimeControl "5400+30"]

1. e4 e5 2. Nf3 Nc6 3. Bb5 Nge7 4. c3 g6 5. O-O Bg7 6. d4 exd4 7. cxd4 d5 8. exd5 Nxd5 9. Re1+ Be6 10. Ng5 O-O 11. Bxc6 bxc6 12. Nxe6 fxe6 13. Rxe6 Qh4 14. Qe1 Bxd4 15. g3 Qg4 16. Re2 Rxf2 17. Qxf2 Rf8 0-1

[Event "Commonwealth Open 2019"]
[Site "Delhi"]
[Date "2019.06.30"]
[Round "1.23"]
[White "Hoareau, Benjamin"]
[Black "Rathnakaran, K.."]
[Result "0-1"]
[ECO "A40"]
[WhiteElo "1779"]
[BlackElo "2338"]
[Annotator "ChessBase"]
[PlyCount "76"]
[EventDate "2019.06.30"]
[EventType "swiss"]
[EventCountry "IND"]
[SourceTitle "playchess.com"]
[Source "ChessBase"]
[SourceQuality "1"]
[TimeControl "5400+30"]

1. d4 g6 2. Nf3 Bg7 3. Bf4 d6 4. e3 Nd7 5. Bc4 Nh6 6. Nbd2 e5 7. Bg5 f6 8. Bh4 Qe7 9. O-O e4 10. Ne1 Nf5 11. Bg3 Nb6 12. Bb3 h5 13. h3 Nxg3 14. fxg3 f5 15. Qe2 d5 16. c4 c6 17. cxd5 cxd5 18. a4 Be6 19. a5 Nd7 20. Qb5 Qd6 21. Qxb7 Rb8 22. Qxa7 Ke7 23. Nc2 Ra8 24. Qb7 Rhb8 25. a6 Rxb7 26. axb7 Rb8 27. Ra7 Qxg3 28. Ba4 Qc7 29. Nb4 Rxb7 30. Nc6+ Kf6 31. Ra8 Rxb2 32. Rf2 Nb6 33. Ra7 Qg3 34. Nxe4+ dxe4 35. Rxb2 Qxe3+ 36. Kh2 Nxa4 37. Rxa4 Qf4+ 38. g3 Qc1 0-1

[Event "Commonwealth Open 2019"]
[Site "Delhi"]
[Date "2019.06.30"]
[Round "1.24"]
[White "Vaishali R"]
[Black "Dutta Sarthak"]
[Result "1-0"]
[ECO "B12"]
[WhiteElo "2338"]
[BlackElo "1702"]
[Annotator "NA"]
[PlyCount "52"]
[EventDate "2019.06.30"]
[EventType "swiss"]
[EventCountry "IND"]
[SourceTitle "playchess.com"]
[Source "ChessBase"]
[SourceQuality "1"]
[TimeControl "5400+30"]

1. e4 c6 2. d4 d5 3. e5 c5 4. dxc5 e6 5. Nf3 Bxc5 6. Bd3 Ne7 7. O-O Ng6 8. a3 Nc6 9. b4 Be7 10. Re1 Qc7 11. Bb2 O-O 12. Nbd2 b6 13. c4 dxc4 14. Nxc4 Bb7 15. Rc1 Qb8 16. Be4 Rd8 17. Qe2 Nf4 18. Qc2 Rc8 19. Bxh7+ Kf8 20. Qe4 Nxb4 21. Qxf4 Nd5 22. Qg4 g6 23. Bxg6 Rc6 24. Nd6 Bxd6 25. exd6 Rc5 26. Bg7+ {[%emt 0:00:00] Rxc1 Bh6+} Kg8 1-0